 Dungeon Crawl Stone Soup version 0.29.1-15-g9cfb28693d (webtiles) character file.

Game seed: 2419077660688543342

148 Heoruswealwe the Conjurer (level 5, 0/26 (28) HPs)
             Began as a Deep Elf Conjurer on Mar 7, 2023.
             Slain by Crazy Yiuf
             ... wielding a +4 quarterstaff of chaos
              (7 damage)
             ... on level 3 of the Dungeon.
             The game lasted 00:33:00 (2050 turns).

Heoruswealwe the Conjurer (Deep Elf Conjurer)       Turns: 2050, Time: 00:33:01

HP:   0/26 (28)     AC:  6    Str:  7 (10) XL:     5   Next: 8%
MP:   9/15          EV: 12    Int: 24 (31) God:
Gold: 57            SH:  0    Dex:  9 (13) Spells: 9/15 levels left

rFire   . . .      SeeInvis .   c - +0 long sword
rCold   . . .      Faith    .   (no shield)
rNeg    . . .      Spirit   .   r - +0 animal skin
rPois   .          Reflect  .   s - +2 helmet
rElec   .          Harm     .   i - +0 cloak
rCorr   .          Rampage  .   (no gloves)
Will    .....                   (no boots)
Stlth   ++........              a - amulet of regeneration
HPRegen 0.88/turn               m - +6 ring of intelligence
MPRegen 0.14/turn               f - +6 ring of strength

@: lethally poisoned (0 -> -6), drained, very slow
A: no striking features
a: no special abilities


You were on level 3 of the Dungeon.
You visited 1 branch of the dungeon, and saw 3 of its levels.

You collected 57 gold pieces.

Inventory:

Hand Weapons
 c - a +0 long sword (weapon)
Armour
 i - a +0 cloak (worn)
 r - a +0 animal skin (worn)
 s - a +2 helmet (worn)
Jewellery
 a - an amulet of regeneration (around neck)
 f - a +6 ring of strength (right hand)
 m - a +6 ring of intelligence (left hand)
Scrolls
 e - a scroll of teleportation {unknown}
 k - a scroll of poison
 n - a scroll of amnesia
Potions
 b - a potion of magic
 d - 2 potions of cancellation {unknown}
 g - 2 potions of lignification {unknown}
 h - a potion of attraction {unknown}
 j - 2 potions of curing {unknown}
 l - 2 potions of heal wounds {unknown}
 o - a potion of ambrosia {unknown}


   Skills:
 - Level 2.4 Dodging
 - Level 2.4 Stealth
 + Level 5.5 Spellcasting
 + Level 5.8 Conjurations


You had 9 spell levels left.
You knew the following spells:

 Your Spells              Type           Power      Damage    Failure   Level
a - Magic Dart            Conj           100%       1d8       1%          1
b - Searing Ray           Conj           68%        2d6       1%          2
c - Conjure Flame         Conj/Fire      20%        6-21      8%          3

Your spell library contained the following spells:

 Spells                   Type           Power      Damage    Failure   Level
 Static Discharge         Conj/Air       20%        3-6/arc   3%          2
 Dazzling Flash           Conj/Hex       40%        N/A       8%          3
 Ignite Poison            Fire/Tmut/Pois 6%         N/A       26%         3
 Portal Projectile        Hex/Tloc       12%        N/A       26%         3
 Tukima's Dance           Hex            6%         N/A       26%         3
 Fulminant Prism          Conj/Hex       10%        3d9       26%         4
 Iskenderun's Mystic Bla  Conj/Tloc      20%        2d6       26%         4
 Sticky Flame             Conj/Fire      20%        2d4       26%         4
 Lightning Bolt           Conj/Air       10%        1d23      56%         5
 Blade Hands              Tmut           3%         N/A       93%         5
 Maxwell's Capacitive Co  Air            3%         ∞         100%        8


Dungeon Overview and Level Annotations

Branches:
Dungeon (3/15)

Altars:
Cheibriados

Annotations:
D:3 Crazy Yiuf


Message History

You see here a +0 hammer.
You see here a +0 hammer.
You see here a +0 hammer.
You see here a +0 hammer.
You see here a +0 hammer.
You see here a +0 hammer.
Time shudders.
You feel dopey.
You see here a +0 hammer.
Found a glowing hammer.
Found a runed translucent door.
You open the door.
Casting: Magic Dart (safe; 1% risk of failure)
Confirm with . or Enter, or press ? or * to list all spells.
You don't know that spell.
Unknown command.
There is an open translucent door here.
Casting: Magic Dart (safe; 1% risk of failure)
Confirm with . or Enter, or press ? or * to list all spells.
Aiming: Searing Ray (safe; 1% risk of failure)
Press: ? - help, Shift-Dir - straight line, f - Crazy Yiuf
Aim: Crazy Yiuf, wielding a +4 quarterstaff of chaos and wearing a +0 cloak of preservation (asleep, 100% to hit)
The searing ray hits Crazy Yiuf!
Crazy Yiuf is heavily wounded. (Press . to maintain the ray.)
The searing ray hits Crazy Yiuf.
Crazy Yiuf is heavily wounded.
Crazy Yiuf hits you with a +4 quarterstaff of chaos.
You are poisoned.
Casting: Searing Ray (safe; 1% risk of failure)
Confirm with . or Enter, or press ? or * to list all spells.
The spell is quite dangerous to miscast (8% risk of failure)!
Continue anyway?
The fire begins to smoulder!
You feel very sick.
Crazy Yiuf hits you with a +4 quarterstaff of chaos!
* * * LOW HITPOINT WARNING * * *
You feel drained.
* * * LOW HITPOINT WARNING * * *
Crazy Yiuf attacks as you move away!
Crazy Yiuf hits you with a +4 quarterstaff of chaos!
You die...

############
............
####.###### ###...#
##....# ###...##♣♣♣♣♣
##.#))).♣.♣♣♣#####
#.))))).♣..♣#...#
#..))))♣♣♣♣.'@g.#
##'))))♣♣ ♣♣#..)#
##...##♣♣ #####
##....# #.....#
......###############
.........'.......##.#
.........###....###.#
#.......## #.#.####.#


You could see Crazy Yiuf.

Vanquished Creatures
  Robin (D:2)
  3 adders
  A gnoll (D:1)
  3 dart slugs
  6 orcs (D:3)
  3 bats
  6 endoplasms
  5 giant cockroaches
  15 goblins
  9 hobgoblins
  A jackal (D:3)
  3 kobolds
  6 quokkas
  5 ball pythons
  3 frilled lizards
  5 rats
75 creatures vanquished.

Notes
Turn   | Place    | Note
-------+----------+-------------------------------------------
     0 | D:1      | Heoruswealwe the Deep Elf Conjurer began the quest for the
                  | Orb.
     0 | D:1      | Reached XP level 1. HP: 10/10 MP: 6/6
   189 | D:1      | Found a faded altar of an unknown god.
   210 | D:1      | Prayed at the altar of an unknown god.
   210 | D:1      | Became a worshipper of Cheibriados the Contemplative
   210 | D:1      | Reached * piety under Cheibriados
   211 | D:1      | Fell from the grace of Cheibriados
   274 | D:1      | Reached XP level 2. HP: 15/15 MP: 4/8
   567 | D:1      | Reached skill level 5 in Conjurations
   567 | D:1      | Reached XP level 3. HP: 16/19 MP: 5/10
   952 | D:2      | Learned a level 2 spell: Searing Ray
  1197 | D:2      | Reached XP level 4. HP: 24/24 MP: 6/12
  1231 | D:2      | Noticed Robin
  1249 | D:2      | Killed Robin
  1250 | D:2      | Reached skill level 5 in Spellcasting
  1596 | D:2      | Learned a level 3 spell: Conjure Flame
  1761 | D:3      | Reached XP level 5. HP: 28/28 MP: 4/14
  2040 | D:3      | Found a runed translucent door.
  2041 | D:3      | Noticed Crazy Yiuf
  2050 | D:3      | Slain by Crazy Yiuf

Illustrated notes

Levels and vault maps discovered:
D:1:      dpeg_arrival_three_bigger_balls, layout_basic,
          shapermc_ecumenical_altar_notcrosses, minmay_misc_feat_plants,
          kennysheep_crisscross
D:2:      layout_basic, minmay_goblin_outpost, uniq_robin
D:3:      layout_loops_corners, serial_shops,
          nicolae_shop_temple_entry_statues_fountains, st_stairs_5,
          uniq_crazy_yiuf_cottage, uniq_jessica

Skill      XL: |  1  2  3  4 |
---------------+-------------+-----
Spellcasting   | 4 5 |  5.5
Conjurations   | 5 |  5.8
Dodging        | |  2.4
Stealth        | |  2.4

Action                   |  1- 3 |  4- 6 || total
-------------------------+-------+-------++-------
 Cast: Magic Dart        |    69 |    40 ||   109
       Searing Ray       |       |     5 ||     5
       Conjure Flame     |       |     1 ||     1
Invok: Renounce Religion |     1 |       ||     1
  Use: Scroll            |       |     5 ||     5
Armor: Robe              |     7 |     7 ||    14
       Animal skin       |       |     1 ||     1
Dodge: Dodged            |    16 |    11 ||    27
